[Event "Ruzomberok Closed 2020 - 3. turnaj"]
[Site "Ruzomberok, Slovakia"]
[Date "2020.09.05"]
[Round "4.5"]
[White "Sustek, Adam"]
[Black "Ciglian, Michal"]
[Result "0-1"]
[TimeControl "10m + 5s"]
[WhiteElo "1377"]
[BlackElo "1388"]

1. e4 e5 2. Nf3 Nc6 3.
Bc4 Bc5 4. c3 d6 5. d3 Bg4 6. h3 Bh5 7. Nbd2 Nge7 8. Bb3 Qd7 9. O-O O-O-O 10. Re1 Bb6 11. Nf1 Bg6 12. Be3 f5 13.
Ng5 Rdf8 14. Be6 Qxe6 15. Nxe6 Rf6 16. exf5 Bxf5 17. Ng5 h6 18. Ne4 Rg6 19. Nfg3 Be6 20. Bxb6 axb6 21. a4 h5 22.
h4 Rg4 23. Ng5 Bd7 24. Nf3 Rf8 25. Nxh5 Rg6 26. Ng3 Bg4 27.
b4 Nd5 28. Kh2 Nxc3 29. Qc2 Nd5 30. b5 Nce7 31. Ng5 Rh8 32. Nf3 Rgh6 33. Rh1 Nf4 34. Kg1 Ned5 35. Qd2 Be6 36. Ng5 Bg8 37.
Nf5 Rf6 38. Ne3 Ne7 39. g3 Nfd5 40. Nxd5 Bxd5 41. Rh2 Nf5 42. Re1 Nd4 43. Ne4 Bxe4 44. dxe4 Nf3+ 45. Kg2 Nxd2 46. Re3 Rhf8 47. Kg1 Nf3+ 0-1

[Event "Ruzomberok Closed 2020 - 3. turnaj"]
[Site "Ruzomberok, Slovakia"]
[Date "2020.09.05"]
[Round "4.6"]
[White "Grib, Stefan"]
[Black "Caban, Lubor"]
[Result "1/2-1/2"]
[TimeControl "10m + 5s"]
[WhiteElo "1429"]
[BlackElo "1668"]

1. d4 f5 2. g3 Nf6 3. c4 g6 4. Bg2 Bg7 5. Nc3 c6 6. Nh3 O-O 7. O-O Re8 8. Re1 e5 9. dxe5 Rxe5 10. Bf4 Re8 11. Bd6 Ng4 12.
c5 b6 13. Qb3+ Kh8 14. e4 Na6 15. exf5 Nxc5 16. Qc4 Nf6 17. Ng5 Ba6 18. Nf7+ Kg8 19. Nxd8+ Bxc4 20. Bxc5 bxc5 21. Nb7 Rxe1+ 22. Rxe1 Rb8 23. Nd6 Ba6 24. fxg6 hxg6 25. b3 Bd3 26. Be4 Nxe4 27. Ncxe4 Bd4 28. Nd2 Rf8 29. Re8 Bxf2+ 30. Kg2 Bd4 31. Rxf8+ Kxf8 32. Nc8 a6 33. Nb6 Ke7 34. Kf3 d5 35.
Na4 c4 36. bxc4 dxc4 37. Ne4 Bc2 38. Nac3 c5 39. Ne2 Bd3 40. N2c3 Bxc3 41. Nxc3 Kd6 42. Kf4 a5 43. a3 Ke6 44.
h4 Bc2 45. g4 Bd3 46. h5 gxh5 47.
gxh5 Kf6 48. h6 Bc2 49. Ke3 Ke5 50. Ne2 Bb1 51. Nc3 Bg6 52. Ne2 Kd6 53. Nf4 Bb1 54. Nh3 Kc6 55. Ng5 Kb5 56. Kd2 Ka4 57. Kc3 Kxa3 58.
h7 Bxh7 59. Nxh7 a4 60. Nf6 Ka2 61. Kc2 Ka3 62. Kc3 Ka2 63. Kc2 a3 64. Nd5 Ka1 65. Nb6 c3 66. Nd5 Ka2 67. Nxc3+ Ka1 68. Ne4 c4 69. Nd6 c3 70. Nb5 Ka2 71.
Nxc3+ Ka1 72. Nb5 Ka2 73. Nc3+ Ka1 74. Nb5 Ka2 75. Nxa3 Kxa3 1/2-1/2

[Event "Ruzomberok Closed 2020 - 3. turnaj"]
[Site "Ruzomberok, Slovakia"]
[Date "2020.09.05"]
[Round "4.7"]
[White "Demko, Ladislav"]
[Black "Hajtmansky, Milan"]
[Result "1-0"]
[TimeControl "10m + 5s"]
[WhiteElo "1701"]
[BlackElo "1590"]

1. e4 e6 2. d4 c5 3. c3 cxd4 4.
cxd4 Nc6 5. Nf3 Bb4+ 6. Nc3 Nge7 7. Bd3 O-O 8. O-O f5 9. e5 Bxc3 10. bxc3 b6 11. Ba3 Bb7 12. Qd2 a6 13.
Qg5 Rf7 14. Qh4 Nd5 15. Qg3 h6 16. Bc1 Kh8 17. Nh4 Nde7 18. f4 Qg8 19. Ba3 Qh7 20. Rab1 b5 21. Bd6 Rg8 22. c4 g5 23.
Nf3 gxf4 24. Qxf4 Rfg7 25. g3 Ng6 26. Qd2 Nce7 27. cxb5 axb5 28. Rxb5 Bc6 29. Rb8 Nf4 30. Rxg8+ Qxg8 31. Qxf4 Nd5 32. Qxh6+ Rh7 33. Qg5 Qxg5 34. Nxg5 Rg7 35. h4 Ne3 36. Rb1 Rg8 37.
Be7 Ng4 38. Bf6+ Nxf6 39. exf6 Be4 40. Bxe4 fxe4 41. Rb7 e3 42. Rxd7 Rxg5 43. hxg5 Kg8 44. g6 e5 45. Rd8# 1-0

[Event "Ruzomberok Closed 2020 - 3. turnaj"]
[Site "Ruzomberok, Slovakia"]
[Date "2020.09.05"]
[Round "5.1"]
[White "Jurgos, Samuel"]
[Black "Holly, Andrej"]
[Result "0-1"]
[TimeControl "10m + 5s"]
[WhiteElo "1073"]
[BlackElo "1714"]

1. d4 Nf6 2. Nf3 g6 3. Bg5 Bg7 4. e3 O-O 5. Bd3 d6 6. O-O Nbd7 7. Nbd2 h6 8. Bh4 e5 9. c3 c6 10.
Qc2 Qe7 11. dxe5 dxe5 12. Nc4 e4 13. Bxe4 Qxe4 14. Qb3 Nc5 15. Bxf6 Nxb3 16. Nd6 Qe6 17. Bxg7 Kxg7 18. Nxc8 Nxa1 0-1

[Event "Ruzomberok Closed 2020 - 3. turnaj"]
[Site "Ruzomberok, Slovakia"]
[Date "2020.09.05"]
[Round "5.2"]
[White "Gollner, Martin"]
[Black "Konkol, Emil"]
[Result "1-0"]
[TimeControl "10m + 5s"]
[WhiteElo "1123"]
[BlackElo "1799"]

1. e4 e5 2. Nf3 Nc6 3.
Bc4 Bc5 4. c3 d6 5. d4 Bb6 6. O-O exd4 7. cxd4 Bg4 8. Be3 Qf6 9. d5 Bxf3 10. Qxf3 Qxf3 11. gxf3 Nce7 12. Nc3 Nf6 13.
Nb5 O-O-O 14. Bg5 h6 15. Bxf6 gxf6 16. a4 a6 17. Nc3 Ng6 18. b4 Ne5 19. Be2 Rhg8+ 20. Kh1 Bd4 21. Ra3 Rg7 22.
f4 Ng6 23. f5 Nf4 24. Bf3 Rdg8 25. Ne2 Nxe2 26. Bxe2 Rg2 27. Rf3 Be5 28. Rg3 Bxg3 29. hxg3 R2xg3 30. fxg3 Rxg3 31. b5 a5 32.
Rf3 Rg4 33. b6 Rxe4 34. Bb5 cxb6 35. Rc3+ Kd8 36. Rh3 Re5 37. Rxh6 Rxf5 38. Rh8+ Ke7 1-0

[Event "Ruzomberok Closed 2020 - 3. turnaj"]
[Site "Ruzomberok, Slovakia"]
[Date "2020.09.05"]
[Round "5.3"]
[White "Ciglian, Michal"]
[Black "Konkolova, Nikola"]
[Result "1/2-1/2"]
[TimeControl "10m + 5s"]
[WhiteElo "1388"]
[BlackElo "1483"]

1. d4 e6 2. c4 c6 3. Nc3 d5 4. Nf3 Bb4 5. Bd2 Qa5 6. a3 Bxc3 7. Bxc3 Qb6 8. e3 Nf6 9. Be2 O-O 10.
O-O Nbd7 11. Qc2 h6 12. c5 Qc7 13. Rad1 Re8 14. Bd3 b6 15. b4 a5 16. cxb6 Nxb6 17. bxa5 Nbd7 18. Rc1 Ba6 19. Bxa6 Rxa6 20.
Qd3 Raa8 21. Bb4 e5 22. Qc3 exd4 23. Nxd4 Ne5 24. Nxc6 Nxc6 25. Qxc6 Qb8 26. g3 Rc8 27. Qxc8+ Qxc8 28.
Rxc8+ Rxc8 29. Rd1 Rd8 30. Be7 Rd7 31. Bc5 Ne4 32. Bb6 Nc3 33. Rd3 Nb5 34. e4 d4 35. a4 Nc3 36. Rxd4 Ne2+ 37.
Kg2 Nxd4 38. a6 Nc6 39. a5 Kf8 40. f4 Ke8 41. Kf3 h5 42. f5 Rd3+ 43. Kf4 Rd7 44. Kg5 f6+ 45. Kxh5 Kf7 46.
h4 Re7 47. g4 Re8 48. g5 Rh8+ 49. Kg4 Ne5+ 50. Kg3 fxg5 51. hxg5 Ra8 52. a7 Nc4 53. Kf4 Ke8 54. f6 gxf6 55.
gxf6 Kf7 56. e5 Ke6 57. Ke4 Nxe5 58. Kd4 Nc6+ 59. Kc5 Nxa7 60. Bc7 Rc8 61. Kb6 Kxf6 62. Kb7 Ke6 63. Bb6 Rc4 64.
Kxa7 Ra4 65. a6 Rxa6+ 66. Kxa6 Ke5 1/2-1/2

[Event "Ruzomberok Closed 2020 - 3. turnaj"]
[Site "Ruzomberok, Slovakia"]
[Date "2020.09.05"]
[Round "5.5"]
[White "Novak, Michal"]
[Black "Demko, Ladislav"]
[Result "1-0"]
[TimeControl "10m + 5s"]
[WhiteElo "1096"]
[BlackElo "1701"]

1. e4 c5 2. Nf3 Nc6 3. d4 cxd4 4. Nxd4 e6 5. Bb5 Nf6 6. Nc3 a6 7. Nxc6 bxc6 8. Be2 Bb4 9. e5 Nd5 10.
Bd2 O-O 11. Nxd5 Bxd2+ 12. Qxd2 cxd5 13. O-O Qb6 14. b3 Bb7 15. Rab1 Rac8 16. c4 d4 17. Bd3 Qc6 18. f3 Qc5 19.
Rfe1 a5 20. b4 axb4 21. Rxb4 Bc6 22. Rbb1 Ra8 23. h3 g6 24. h4 d6 25. exd6 Qxd6 26. h5 Qg3 27. hxg6 hxg6 28. Be4 Bxe4 29.
Rxe4 e5 30. Rg4 1-0

[Event "Ruzomberok Closed 2020 - 3. turnaj"]
[Site "Ruzomberok, Slovakia"]
[Date "2020.09.05"]
[Round "5.6"]
[White "Caban, Lubor"]
[Black "Sustek, Adam"]
[Result "0-1"]
[TimeControl "10m + 5s"]
[WhiteElo "1668"]
[BlackElo "1377"]

1. e4 e6 2. d4 d5 3. Nc3 Nf6 4. e5 Nfd7 5.
Nf3 b6 6. Bd3 c5 7. Bg5 Be7 8. Qd2 Ba6 9. Bxa6 Nxa6 10. dxc5 Naxc5 11. Bxe7 Qxe7 12. Nb5 O-O 13. O-O Ne4 14.
Qf4 f6 15. Qh4 Qc5 16. Nfd4 Rfe8 17. exf6 Ndxf6 18. b4 Qxb4 19. f3 Qc5 20. fxe4 e5 21. Kh1 exd4 22. e5 Rxe5 23. Qxd4
Kf8 0-1

[Event "Ruzomberok Closed 2020 - 3. turnaj"]
[Site "Ruzomberok, Slovakia"]
[Date "2020.09.05"]
[Round "5.7"]
[White "Gasper, Peter"]
[Black "Grib, Stefan"]
[Result "1-0"]
[TimeControl "10m + 5s"]
[WhiteElo "1650"]
[BlackElo "1429"]

1. c4 f5 2. Nc3 Nf6 3. d4 e6 4. Bg5 h6 5. Bxf6 Qxf6 6.
e4 b6 7.
e5 Qf7 8. Nf3 Bb7 9. Qc2 d6 10. O-O-O Nd7 11. Be2 O-O-O 12. Rhg1 Be7 13. exd6 cxd6 14. Kb1 Kb8 15. Qa4 a6 16.
c5 Ka7 17. c6 b5 18. Bxb5 Nb6 19. Qa3 Bc8 20. Bxa6 Bxa6 21. Nb5+ 1-0

[Event "Ruzomberok Closed 2020 - 3. turnaj"]
[Site "Ruzomberok, Slovakia"]
[Date "2020.09.05"]
[Round "6.1"]
[White "Konkolova, Nikola"]
[Black "Holly, Andrej"]
[Result "1/2-1/2"]
[TimeControl "10m + 5s"]
[WhiteElo "1483"]
[BlackElo "1714"]

1. e4 c5 2. Nf3 Nc6 3. d4 cxd4 4.
Nxd4 g6 5. Be3 Bg7 6. c3 Nf6 7.
Bd3 O-O 8. O-O d6 9. h3 Bd7 10. Nd2 Ne5 11. N2f3 Nxd3 12. Qxd3 Bc6 13. Nxc6 bxc6 14. Rad1 Qa5 15. a3 Nd7 16.
Bd4 Rab8 17. Bxg7 Kxg7 18. Qc2 Rb7 19. Nd4 c5 20. Nc6 Qb6 21. Nxe7 Ne5 22. Nd5 Qxb2 23. Qxb2 Rxb2 24. Ne3 Rb3 25.
Rxd6 Rxc3 26. Rfd1 Nc4 27. Nxc4 Rxc4 28. f3 Ra4 29. Rc6 c4 30. Rc1 Rb8 31. R6xc4 Rxa3 32. Rc7 Rb2 33. R7c2 Rbb3 34.
Rc7 a5 35. Ra7 Rb8 36. Rcc7 Rf8 37. Rc5 Ra1+ 38. Kh2 a4 39. Rca5 Ra2 1/2-1/2

[Event "Ruzomberok Closed 2020 - 3. turnaj"]
[Site "Ruzomberok, Slovakia"]
[Date "2020.09.05"]
[Round "6.2"]
[White "Gollner, Martin"]
[Black "Jurgos, Samuel"]
[Result "0-1"]
[TimeControl "10m + 5s"]
[WhiteElo "1123"]
[BlackElo "1073"]

1. e4 c5 2. Nf3 g6 3. d4 cxd4 4. Nxd4 Bg7 5. Be3 Nc6 6.
Nc3 Nf6 7. f3 O-O 8. Qd2 d5 9. exd5 Nxd5 10. Nxc6 bxc6 11. Bd4 Nxc3 12. Bxc3 Qxd2+ 13. Kxd2 Rd8+ 14. Bd3 Ba6 15. Bxg7 Kxg7 16.
Rac1 Rab8 17. b3 Rd6 18. c4 Rbd8 19. Rc3 f5 20. Kc2 e5 21. Rd1 c5 22. Be2 Rd4 23. Rcd3 Rxd3 24. Rxd3 Rd4 25. Kc3 Kf6 26. f4 Rxd3+ 27. Kxd3 e4+ 28. Ke3 g5 29. g4 Bc8 30. gxf5 Bxf5 31. a3 g4 32. b4 cxb4 33. axb4 Ke6 34. Kd4 h5 35. c5 h4 36.
c6 Kd6 37. c7 g3 38. hxg3 hxg3 39. Bf1 Kxc7 40. Ke5 e3 0-1

[Event "Ruzomberok Closed 2020 - 3. turnaj"]
[Site "Ruzomberok, Slovakia"]
[Date "2020.09.05"]
[Round "6.3"]
[White "Ciglian, Michal"]
[Black "Gasper, Jaroslav"]
[Result "0-1"]
[TimeControl "10m + 5s"]
[WhiteElo "1388"]
[BlackElo "1721"]

1. d4 d5 2. c4 e6 3. Nc3 Bb4 4. Bd2 Nf6 5. e3 c5 6. a3 Bxc3 7. Bxc3 cxd4 8. Bxd4 Nc6 9. Nf3 Nxd4 10.
Nxd4 Ne4 11. cxd5 Qa5+ 12. b4 Qxd5 13. Bb5+ Bd7 14. Bxd7+ Qxd7 15.
O-O O-O 16. Qd3 Nf6 17. Qb3 e5 18. Nf3 Qf5 19. Qb1 e4 20. Nd4 Qh5 21. h3 g5 22. Qb2 Qg6 23. Ne2 h5 24. Rad1 Rad8 25. Qe5 Rfe8 26. Rxd8 Rxd8 27. Nd4 g4 28. Nf5 Re8 29. Ne7+ Rxe7 30. Qxe7 gxh3 31. Qd8+ Kg7 32. g3 Qg4 33. Qd1 Qf5 34. Kh2 Ng4+ 35. Kh1 Nxf2+ 36. Rxf2 Qxf2 37. Qd4+ Kh6 38. Qxe4 Qxg3 39. Qxb7 Qxe3 40. Qxf7 Qe4+ 0-1

[Event "Ruzomberok Closed 2020 - 3. turnaj"]
[Site "Ruzomberok, Slovakia"]
[Date "2020.09.05"]
[Round "6.4"]
[White "Konkol, Emil"]
[Black "Sustek, Adam"]
[Result "1/2-1/2"]
[TimeControl "10m + 5s"]
[WhiteElo "1799"]
[BlackElo "1377"]

1. e4 e6 2. d4 d5 3. Nf3 Nf6 4.
e5 Nfd7 5. Nc3 c5 6. Bb5 a6 7. Bxd7+ Bxd7 8. O-O Nc6 9. Be3 c4 10. Ne2 Be7 11. c3 O-O 12. Ng3 b5 13. h3 b4 14.
Nh2 bxc3 15. bxc3 Qa5 16. Qc2 Rab8 17. Rfb1 Ba3 18. Bc1 Na7 19. Bxa3 Qxa3 20. Ne2 Ba4 21. Qc1 Qxc1+ 22. Nxc1 Bc2 23.
Rb4 a5 24. Rxb8 Rxb8 25. Nf3 Nb5 26. Ne1 Bf5 27. g4 Bg6 28. Ne2 Bd3 29. Kf1 Bxe2+ 30. Kxe2 Nxc3+ 31. Kd2 Ne4+ 32. Ke3 Rb2 33. f3 Nc3 34. a3 Re2+ 35.
Kf4 Kf8 36. Kg3 Ke7 37. Ng2 Na4 38. Rb1 Rb2 39. Ra1 Rd2 40. Rb1 Rxd4 41. Rb7+ Ke8 42. Ra7 c3 43. Ne3 Rd2 44. Rxa5 Nb2 45.
Rc5 Na4 46. Ra5 Nb2 47. Rc5 Na4 48. Ra5 Nb2 49. Rc5 1/2-1/2

[Event "Ruzomberok Closed 2020 - 3. turnaj"]
[Site "Ruzomberok, Slovakia"]
[Date "2020.09.05"]
[Round "6.5"]
[White "Novak, Michal"]
[Black "Gasper, Peter"]
[Result "0-1"]
[TimeControl "10m + 5s"]
[WhiteElo "1096"]
[BlackElo "1650"]

1. e4 c5 2. Nf3 Nc6 3. d4 cxd4 4. Nxd4 e5 5.
Nb3 d6 6. Nc3 Nf6 7. Bb5 a6 8. Bxc6+ bxc6 9. O-O Be7 10. Be3 O-O 11. f4 Ng4 12. Qe2 Nxe3 13. Qxe3 exf4 14. Qxf4 Bf6 15. Qe3 Bb7 16. Rab1 c5 17.
Nd5 Be5 18. Nd2 Bd4 19. Qxd4 cxd4 20. Nf4 Rc8 21. c3 Qa5 22. b4 Qxa2 23. Nf3 dxc3 24. Nd4 Bxe4 25. Rbc1 Qd2 26. Nfe2 Qe3+ 27.
Kh1 Rc4 28. Rfd1 c2 29. Rf1 Rxb4 30. Nxc2 Bxc2 31. Rxc2 a5 32. h3 a4 33. Ra2 d5 34. Rf3 Qe5 35. Nc3 Rf4 36. Rxf4 Qxf4 37.
Nxd5 Qc4 38. Ne7+ Kh8 39. Ra1 g6 40. Rxa4 Qxa4 41. Nd5 Rd8 42. Nf6 Rd1+ 43. Kh2 Qf4+ 44. g3 Qxf6 45.
Kg2 Qf2+ 46. Kxf2 Rd2+ 47. Ke3 Rh2 48. g4 Rxh3+ 49. Kf4 Kg7 50. g5 h6 51. Kg4 Rh1 52. gxh6+ Rxh6 53. Kg5 Rh5+ 54.
Kg4 Kf6 55. Kf4 Rh4+ 56. Kg3 Ra4 57. Kf3 Ke5 58. Kg3 Kf5 59. Kh3 f6 60. Kg3 g5 61. Kf3 Ra3+ 62. Ke2 Kf4 63. Kd1 Ke3 64. Kc1 Ra2 65. Kb1 Rd2 66. Kc1 f5 67. Kb1 f4 68. Ka1 f3 69. Kb1 f2 70. Ka1 f1=Q# 0-1

[Event "Ruzomberok Closed 2020 - 3. turnaj"]
[Site "Ruzomberok, Slovakia"]
[Date "2020.09.05"]
[Round "6.6"]
[White "Jurky, Marian"]
[Black "Hajtmansky, Milan"]
[Result "1-0"]
[TimeControl "10m + 5s"]
[WhiteElo "1347"]
[BlackElo "1590"]

1. d4 e6 2. c4 Be7 3. Nc3 b6 4. Nf3 Bb7 5. e3 Nf6 6. Be2 O-O 7. O-O d6 8. e4 Nbd7 9. d5 exd5 10. exd5 c6 11. dxc6 Bxc6 12.
Bf4 h6 13. Nd5 Bxd5 14. cxd5 Nh7 15. Nd4 Bf6 16. Bxd6 Re8 17. Bb5 Bxd4 18. Qxd4 Rc8 19. Rfe1 Rxe1+ 20. Rxe1 Qf6 21. Qxf6 Ndxf6 22. h3 Nxd5 23. Rd1 Nhf6 24. b3 Rc3 25. Bc4 Ne3 26. fxe3 Rxe3 27. Kf2 Re4 28. Re1 Rxe1 29. Kxe1 Ne4 30. Bb8 a5 31. Bc7 Nc3 32. Bxb6 a4 33. Bd4 Nxa2 34. bxa4 Nb4 35.
Bc5 Nc2+ 36. Kd2 Na1 37. a5 Kh7 38. a6 f5 39. a7 f4 40. a8=Q 1-0

[Event "Ruzomberok Closed 2020 - 3. turnaj"]
[Site "Ruzomberok, Slovakia"]
[Date "2020.09.05"]
[Round "6.7"]
[White "Demko, Ladislav"]
[Black "Grib, Stefan"]
[Result "1-0"]
[TimeControl "10m + 5s"]
[WhiteElo "1701"]
[BlackElo "1429"]

1. d4 f5 2. c4 Nf6 3. Nc3 e6 4. Nf3 b6 5. e3 Bb7 6. Be2 Bb4 7. a3 Bxc3+ 8. bxc3 O-O 9. O-O d6 10.
Bb2 Nbd7 11. h3 Ne4 12. Nh2 Qe8 13. Bf3 Ndf6 14. Qe2 g5 15. Rad1 h5 16. d5 e5 17. Bxe4 Nxe4 18. Qf3 Qg6 19. Kh1 Kf7 20. g4 Ke7 21. gxh5 Qh6 22. Qe2 Rh8 23.
Qf3 Kf6 24. Ng4+ 1-0

[Event "Ruzomberok Closed 2020 - 3. turnaj"]
[Site "Ruzomberok, Slovakia"]
[Date "2020.09.05"]
[Round "7.1"]
[White "Holly, Andrej"]
[Black "Gasper, Jaroslav"]
[Result "1-0"]
[TimeControl "10m + 5s"]
[WhiteElo "1714"]
[BlackElo "1721"]

1. g3 d5 2. Bg2 e5 3. c4 c6 4. cxd5 cxd5 5. Nf3 Nc6 6. d3 h5 7. Nc3 a6 8.
O-O Bc5 9. e4 d4 10. Nd5 Nf6 11. Bg5 Qd6 12. Bxf6 gxf6 13. Nd2 b5 14. a4 Bb7 15. axb5 axb5 16. Rxa8+ Bxa8 17. Qf3 Rh6 18. Qf5 Ne7 19.
Nxe7 Kxe7 20. f4 Qe6 21. fxe5 Qxe5 22. Qc8 Qg5 23. Nf3 Qe3+ 24. Kh1 1-0

[Event "Ruzomberok Closed 2020 - 3. turnaj"]
[Site "Ruzomberok, Slovakia"]
[Date "2020.09.05"]
[Round "7.2"]
[White "Jurgos, Samuel"]
[Black "Konkol, Emil"]
[Result "0-1"]
[TimeControl "10m + 5s"]
[WhiteElo "1073"]
[BlackElo "1799"]

1. d4 d6 2. Nc3 Nc6 3. e4 Nf6 4. f4 Bg4 5. Be2 Bxe2 6. Ngxe2 Nd7 7. O-O f6 8. Be3 e6 9. a3 Ne7 10.
b4 g6 11. Ng3 Bg7 12. Nce2 O-O 13. c4 e5 14. d5 f5 15. fxe5 Bxe5 16. Bf4 Bxa1 17. Qxa1 Rf7 18. Nd4 Nf8 19.
Bh6 c6 20. Ne6 Qb6+ 21. c5 dxc5 22. Bxf8 cxb4+ 23. Kh1 Raxf8 24. Nxf8 Rxf8 25. d6 Nc8 26. e5 bxa3 27. Qxa3 Qd4 28.
d7 Qxd7 29. Qb3+ Kh8 30. Rd1 Qg7 31. e6 Ne7 32. Qxb7 Nd5 33. Qxc6 Ne3 34. Re1 f4 35. Ne4 Qb2 36. Ng5 Qe5 37.
Nf7+ Rxf7 38. Qe8+ Kg7 39. Qxf7+ Kh6 40.
Qf8+ Kh5 41. e7 Qe4 42. Qf5+ gxf5 43. e8=Q+ Qxe8 44. g3 Qe4+ 45. Kg1 Qg2# 0-1

[Event "Ruzomberok Closed 2020 - 3. turnaj"]
[Site "Ruzomberok, Slovakia"]
[Date "2020.09.05"]
[Round "7.3"]
[White "Konkolova, Nikola"]
[Black "Gollner, Martin"]
[Result "0-1"]
[TimeControl "10m + 5s"]
[WhiteElo "1483"]
[BlackElo "1123"]

1. e4 c5 2. Nf3 e6 3. d4 cxd4 4. Nxd4 Nc6 5. Be3 Nf6 6. Bd3 Qa5+ 7. c3 Be7 8. O-O O-O 9. Nd2 Qc7 10.
Nxc6 bxc6 11. f4 Rb8 12. e5 Nd5 13. Qh5 h6 14. Rf3 Nxe3 15. Rxe3 Bc5 16. Rae1 Qb6 17. Nc4 Bxe3+ 18. Rxe3 Qc5 19.
Kh1 Ba6 20. Rg3 Qf2 21. Qf3 Qxf3 22. Rxf3 Bxc4 23. Bxc4 Rxb2 24. h3 Rfb8 25. Bb3 R2xb3 26. axb3 Rxb3 27. Kg1 f6 28. exf6 gxf6 29.
Rd3 d5 30. Kf2 Kf7 31. Kf3 e5 32. fxe5 fxe5 33. Ke3 e4 34. Rd2 Rxc3+ 35. Kd4 Rd3+ 36. Rxd3 exd3 37. Kxd3 c5 0-1

[Event "Ruzomberok Closed 2020 - 3. turnaj"]
[Site "Ruzomberok, Slovakia"]
[Date "2020.09.05"]
[Round "7.4"]
[White "Sustek, Adam"]
[Black "Gasper, Peter"]
[Result "1-0"]
[TimeControl "10m + 5s"]
[WhiteElo "1377"]
[BlackElo "1650"]

1. e4 c5 2. c3 Nc6 3. d4 cxd4 4.
cxd4 d5 5. exd5 Qxd5 6. Nf3 Bg4 7. Be2 Bxf3 8. Bxf3 Qxd4 9. Bxc6+ bxc6 10. Qxd4 e6 11. O-O Nf6 12. Nc3 Be7 13. Qa4 O-O 14. Qxc6 Rfc8 15.
Qa4 h6 16. Be3 a6 17. Rfd1 Ng4 18. Qxg4 1-0

[Event "Ruzomberok Closed 2020 - 3. turnaj"]
[Site "Ruzomberok, Slovakia"]
[Date "2020.09.05"]
[Round "7.5"]
[White "Jurky, Marian"]
[Black "Ciglian, Michal"]
[Result "1/2-1/2"]
[TimeControl "10m + 5s"]
[WhiteElo "1347"]
[BlackElo "1388"]

1. e4 e5 2. Nf3 Nc6 3. Bb5 a6 4. Ba4 b5 5. Bb3 Bc5 6. Nc3 Nge7 7. Nd5 d6 8. Nxe7 Qxe7 9.
Bd5 Bb7 10. d3 O-O 11. O-O Bb6 12. Qe2 Nd4 13. Nxd4 Bxd5 14. Nf3 Bb7 15. Be3 Bxe3 16. Qxe3 f5 17. exf5 Rxf5 18. Nd4 Rf7 19.
Nb3 Qf6 20. Nd2 Qg6 21. Qg3 Qxg3 22. fxg3 Raf8 23. Rxf7 Rxf7 24. Rf1 Rxf1+ 25. Nxf1 Kf7 26. Nd2 Kf6 27. Nf3 Bxf3 28. gxf3 c5 29. c3 Kf5 30. Kf2 h5 31. h3 g5 32. b3 d5 33. a3 a5 34. Ke3 g4 35. fxg4+ hxg4 36. h4 d4+ 37. cxd4 cxd4+ 38. Kd2 a4 1/2-1/2

[Event "Ruzomberok Closed 2020 - 3. turnaj"]
[Site "Ruzomberok, Slovakia"]
[Date "2020.09.05"]
[Round "7.6"]
[White "Caban, Lubor"]
[Black "Novak, Michal"]
[Result "1-0"]
[TimeControl "10m + 5s"]
[WhiteElo "1668"]
[BlackElo "1096"]

1. e4 c5 2. Nf3 Nc6 3. Bc4 d6 4.
Nc3 Bg4 5. h3 Bh5 6. g4 Bg6 7. d3 Nf6 8. Bg5 e6 9.
O-O Be7 10. Re1 h6 11. Bh4 Nd4 12. Kg2 a6 13. e5 Nd7 14. exd6 Bxh4 15. Nd5 O-O 16. Nxh4 Qxh4 17. Ne7+ Kh8 18.
c3 b5 19. cxd4 bxc4 20. dxc4 cxd4 21. Qxd4 e5 22. Nxg6+ fxg6 23. Qe3 Qf6 24. c5 Rac8 25. b4 e4 26. Rad1 Ne5 27. Re2 Qf3+ 28.
Kg1 Rb8 29. Qxe4 Qxe4 30. Rxe4 Nc6 31. a3 Rf3 32. Re3 Rf7 33. d7 Rd8 34. Re6 Nb8 35. c6 Nxc6 36. Rxc6 Rfxd7 37. Rxd7 Rxd7 38.
Rxg6 a5 39. b5 Rd3 40. Ra6 Rxa3 41. b6 a4 42. b7 Rb3 43. Ra8+ Kh7 44. b8=Q Rxb8 45. Rxb8 g5 46. Ra8 Kg6 47.
Rxa4 h5 48. f3 hxg4 49. hxg4 Kh6 50. Ra6+ Kg7 51. Kf2 Kf7 52.
Ke3 Ke7 53. f4 Kf7 54. f5 Kg7 55.
f6+ Kf7 56. Ke4 Kf8 57. Ra8+ Kf7 58. Ra6 Kf8 59. Kf5 Kf7 60. Kxg5 Kf8 61. Kf5 Kf7 62. g5 Kf8 63. g6 Kg8 1-0

[Event "Ruzomberok Closed 2020 - 3. turnaj"]
[Site "Ruzomberok, Slovakia"]
[Date "2020.09.05"]
[Round "7.8"]
[White "Grib, Stefan"]
[Black "Hajtmansky, Milan"]
[Result "1-0"]
[TimeControl "10m + 5s"]
[WhiteElo "1429"]
[BlackElo "1590"]

1. d4 e6 2. Bf4 c5 3. c3 Nc6 4.
e3 cxd4 5. cxd4 Bb4+ 6. Nd2 Nf6 7. a3 Bxd2+ 8. Qxd2 O-O 9. Bd3 b6 10. Nf3 d5 11.
O-O Bb7 12. b4 a6 13. h3 h6 14. Rac1 Rc8 15. Qe2 Qd7 16. Bxa6 Bxa6 17. Qxa6 Qa7 18. Qxa7 Nxa7 19. Bc7 Ne4 20.
Bxb6 Nb5 21. Bc5 Rfe8 22. a4 Nbc3 23. Rfe1 Nxa4 24. Ra1 Nac3 25. Ra7 Ra8 26. Rea1 Rxa7 27. Rxa7 Nb5 28. Ra5 Nbc3 29. Ne5 Ne2+ 30. Kf1 N2c3 31. Ra7 Nd2+ 32. Ke1 Nde4 33. Rxf7 Ra8 34.
Ra7 Rxa7 35. Bxa7 Nb5 36. Bc5 Ned6 37. Kd2 Ne4+ 38. Ke2 g5 39. f3 Nec3+ 40. Kd3 Kg7 41. e4 dxe4+ 42. fxe4 Kf6 43.
Ng4+ Kg6 44. Ne3 Na4 45. Kc4 Nc7 46. Nd1 h5 47. Kb3 Nxc5+ 48. dxc5 Kf6 49. Kc4 Ke5 50. Nc3 Ne8 51. b5 g4 52.
b6 Nc7 53. b7 1-0